 Dungeon Crawl Stone Soup version 0.17-b1-20-g63edfd6 (webtiles) character file.

18998 septik the Severer (level 12, 0/100 HPs)
             Began as a Deep Dwarf Fighter on Nov 4, 2015.
             Was a High Priest of Makhleb.
             Slain by a titanic slime creature (52 damage)
             ... on level 12 of the Dungeon.
             The game lasted 01:01:49 (9766 turns).

septik the Severer (Deep Dwarf Fighter)             Turns: 9766, Time: 01:01:49

Health: 0/100      AC: 24    Str: 25    XL:     12   Next: 32%
Magic:  8/8        EV: 10    Int:  9    God:    Makhleb [*****.]
Gold:   690        SH:  0    Dex: 12    Spells: 0 memorised, 11 levels left

rFire  . . .     SeeInvis .     a - +3 battleaxe
rCold  . . .     Clarity  +     D - +0 plate armour (curse)
rNeg   . . .     SustAt   .     (shield currently unavailable)
rPois  .         Gourm    .     (helmet restricted)
rElec  .         Spirit   .     G - +0 cloak
rCorr  .         Warding  .     i - +1 pair of gloves
rMut   .         Stasis   .     U - +1 pair of boots
MR     +....                    K - amulet of clarity
Stlth  ..........               (no ring)
                                N - ring of flight

@: non-regenerating, somewhat resistant to hostile enchantments, extremely
unstealthy
A: damage resistance, recharge devices, horns 1, iridescent scales 1, camouflage
1, frail 1, mutation resistance 1, sense surroundings 2, shaggy fur 1, slow
regeneration 3, wild magic 1
a: Device Recharging, Minor Destruction, Lesser Servant of Makhleb, Major
Destruction, Greater Servant of Makhleb, Renounce Religion, Evoke Flight


You were on level 12 of the Dungeon.
You worshipped Makhleb.
Makhleb was extremely pleased with you.
You were not hungry.

You visited 2 branches of the dungeon, and saw 13 of its levels.

You collected 750 gold pieces.
You spent 60 gold pieces at shops.

Inventory:

Hand Weapons
 a - a +3 battleaxe (weapon)
 b - a +0 hunting sling of freezing
 R - a +0 blowgun
Missiles
 d - 2 curare-tipped needles
 g - 89 sling bullets
 m - 46 poisoned needles
 E - 16 silver sling bullets
Armour
 i - a +1 pair of gloves (worn)
 D - a cursed +0 plate armour (worn)
 G - a +0 cloak (worn)
 I - a +1 helmet
 S - the +1 ring mail of Ymeabiur {MR+ Int+4}
   (You found it on level 5 of the Dungeon)

   It affects your intelligence (+4).
   It affects your resistance to hostile enchantments.
 U - a +1 pair of boots (worn)
Jewellery
 k - an uncursed ring of ice {unknown}
 K - an amulet of clarity (around neck)
 N - a ring of flight (left hand)
Wands
 e - a wand of heal wounds (3)
 H - a wand of paralysis (8)
 P - a wand of fireball (7)
 X - a wand of enslavement (5)
Scrolls
 j - 3 scrolls of enchant weapon
 l - a scroll of amnesia
 t - 5 scrolls of remove curse
 u - 4 scrolls of teleportation
 w - a scroll of identify
 y - a scroll of magic mapping {unknown}
 A - 2 scrolls of blinking
 L - a scroll of fog
Potions
 h - a potion of flight
 o - a potion of invisibility
 p - a potion of cure mutation
 q - a potion of magic
 r - a potion of agility
 s - 2 potions of berserk rage
 x - 5 potions of curing
 F - 2 potions of ambrosia {unknown}
 M - 2 potions of heal wounds
 O - a potion of brilliance {unknown}
 Q - a potion of poison {unknown}
 T - a potion of haste
 V - 2 potions of lignification
 W - a potion of experience {unknown}
Books
 n - a book of Alchemy

   Spells                             Type                      Level
   a - Sublimation of Blood           Necromancy                   2
   b - Ignite Poison                  Fire/Transmutation/Poison    3
   c - Alistair's Intoxication        Transmutation/Poison         4
   d - Condensation Shield            Ice                          4
   e - Petrify                        Transmutation/Earth          4
   f - Irradiate                      Conjuration/Transmutation    5
 J - a book of Burglary

   Spells                             Type                      Level
   a - Swiftness                      Charms/Air                   2
   b - Passwall                       Transmutation/Earth          3
   c - Passage of Golubria            Translocation                4
   d - Lee's Rapid Deconstruction     Earth                        5
   e - Darkness                       Hexes                        6
   f - Invisibility                   Hexes                        6
Miscellaneous
 C - an ornate deck of changes
Comestibles
 c - 23 chunks of flesh
 f - 9 bread rations
 v - a meat ration
 z - 5 fruits
 B - 3 royal jellies


   Skills:
 * Level 8.7 Fighting
 - Level 16.0 Axes
 + Level 8.1 Armour
 + Level 7.5 Dodging
   Level 3.9 Shields
 - Level 2.6 Invocations
 - Level 3.0 Evocations


You had 11 spell levels left.
You didn't know any spells.

Dungeon Overview and Level Annotations

Branches:
Dungeon (12/15)            Temple (0/1) D:5            Lair (1/8) D:9
    Orc: D:9-12

Altars:
Cheibriados
Dithmenos
Elyvilon
Makhleb
Okawaru
Sif Muna
Vehumet
Zin

Shops:
D:4 }   D:10 *!

Annotations:
D:2 exclusions: downstairs and 3 gnolls
D:3 exclusion: orc wizard


Innate Abilities, Weirdness & Mutations

You are resistant to damage.
You can recharge devices by infusing magical energy.
You passively map the area around you.
You do not regenerate naturally.
You have a pair of small horns on your head.
You are partially covered in iridescent scales (AC +4).
Your skin changes colour to match your surroundings (Stealth).
You are frail (-10% HP).
You are somewhat resistant to further mutation.
You are covered in fur (AC +1).
Your spells are a little harder to cast, but a little more powerful.


Message History

Your ynoxinul hits the centaur skeleton!
There is an open door here.
A demon appears!
You feel slightly more hungry.
You feel a bit more experienced.
A demon appears!
You feel slightly more hungry.
Your orange demon stings the titanic slime creature.
Your orange demon completely misses the titanic slime creature.
Something hits your orange demon.
Your orange demon stings the titanic slime creature from afar!
The titanic slime creature is poisoned.
Your orange demon poisons the titanic slime creature!
The titanic slime creature looks weaker.
Something hits your orange demon!
Something completely misses your orange demon.
You completely miss the titanic slime creature.
You headbutt the titanic slime creature.
The titanic slime creature is moderately wounded.
The titanic slime creature hits you!!!
Ouch! That really hurt!
You die...

.#..#######....[.......# #.
.#.............).......# ,
## .#........########+###.#
, , ##.########..........#.#
, , ,
...#.................#.# , ,
...'.................#.#
...#.................+.# ,,
...#.................#.#*# *
...#..>......4.J@....#,...
##.#########4#########....,,
.#).........J.)J...†...... ,
.#.............J..3Z...... ,
,
.#.....#############......,
, * .#.....#......... .....
.#.....'........ , .... ,,
.+.....#........, , ... *
##.....#...#####, #'


You could see a titanic slime creature, a friendly orange demon and a friendly
hellwing.

Vanquished Creatures
  2 unseen horrors
  A hill giant (D:12)
  2 ugly things (D:11)
  The ghost of Turgon the Poker, a novice OpGl of Ashenzari (D:10)
  A manticore (D:12)
  Joseph (D:9)
  2 kobold demonologists (D:12)
  Psyche (D:8)
  A gargoyle (D:10)
  A trapdoor spider zombie (D:11)
  3 two-headed ogres (D:10)
  2 wyverns
  Sigmund (D:6)
  3 basilisks (D:9)
  A human (D:7)
  2 hungry ghosts
  A deep elf mage (D:10)
  A hog (D:7)
  20 yaks
  Menkaure (D:4)
  3 sky beasts
  A necrophage (D:11)
  3 orc warriors
  4 ice beasts
  5 centaurs
  A black bear (D:9)
  A phantom (D:4)
  2 wasps
  12 ogres
  5 porcupines (D:9)
  5 giant frogs
  3 crocodiles
  5 big kobolds
  A scorpion (D:9)
  38 killer bees
  9 wights
  3 electric eels (D:10)
  5 hounds
  2 giant frog zombies
  7 orc priests
  A gnoll shaman (D:8)
  2 giant frog skeletons
  A quasit (D:7)
  4 crimson imps
  2 jellies
  4 orc wizards
  3 centaur skeletons
  3 iguanas
  Terence (D:3)
  8 worker ants
  3 sheep (D:7)
  2 hound skeletons
  2 worker ant zombies
  6 gnolls
  4 river rats (D:9)
  15 adders
  4 shadow imps
  An ooze (D:7)
  3 adder skeletons
  3 worms
  7 giant geckos
  46 orcs
  3 ball pythons
  7 bats
  9 goblins
  2 hobgoblins
  9 jackals
  15 kobolds
  6 giant cockroaches
  6 giant newts
  2 quokka zombies
  11 rats
358 creatures vanquished.

Vanquished Creatures (collateral kills)
  A hydra (D:11)
  A hill giant (D:12)
  A killer bee (D:11)
3 creatures vanquished.

Vanquished Creatures (others)
  An unseen horror (D:12)
  3 bushes (D:9)
  A fungus (D:9)
  7 plants (D:9)
12 creatures vanquished.

Grand Total: 373 creatures vanquished

Notes
Turn   | Place    | Note
--------------------------------------------------------------
     0 | D:1      | septik the Deep Dwarf Fighter began the quest for the Orb.
     0 | D:1      | Reached XP level 1. HP: 20/20 MP: 1/1
   149 | D:1      | Reached XP level 2. HP: 27/27 MP: 2/2
   650 | D:1      | Reached XP level 3. HP: 24/33 MP: 3/3
   931 | D:2      | Reached skill level 4 in Axes
  1057 | D:2      | Reached XP level 4. HP: 27/40 MP: 4/4
  1268 | D:3      | You fall through a shaft for 3 floors!
  1301 | D:6      | Reached skill level 5 in Axes
  1362 | D:5      | Entered Level 5 of the Dungeon
  1502 | D:3      | Noticed Terence
  1537 | D:3      | Killed Terence
  1562 | D:3      | Reached XP level 5. HP: 28/48 MP: 5/5
  1579 | D:3      | Reached skill level 6 in Axes
  2234 | D:4      | Noticed Menkaure
  2245 | D:4      | Killed Menkaure
  2245 | D:4      | Reached skill level 7 in Axes
  2245 | D:4      | Reached XP level 6. HP: 28/55 MP: 5/5
  2422 | D:4      | Found Gaixef's Gadget Boutique.
  2469 | D:4      | Found a deep blue altar of Sif Muna.
  2470 | D:4      | Found a white marble altar of Elyvilon.
  2479 | D:4      | Reached skill level 8 in Axes
  2742 | D:4      | Noticed a phantom
  2812 | D:4      | Killed a phantom
  2812 | D:4      | Reached XP level 7. HP: 43/61 MP: 6/6
  2903 | D:4      | Found a radiant altar of Vehumet.
  2903 | D:4      | Found a shadowy altar of Dithmenos.
  2905 | D:4      | Found a burning altar of Makhleb.
  2906 | D:4      | Found a snail-covered altar of Cheibriados.
  2910 | D:4      | Became a worshipper of Makhleb the Destroyer
  3398 | D:5      | Found a staircase to the Ecumenical Temple.
  3420 | D:5      | Reached skill level 9 in Axes
  3598 | D:5      | Got a faintly humming ring mail
  3609 | D:5      | Identified the cursed +1 ring mail of Ymeabiur {MR+ Int+4} (You found it on level 5 of the Dungeon)
  3955 | D:5      | Noticed an ice beast
  3959 | D:5      | Killed an ice beast
  3972 | D:5      | You fall through a shaft for 3 floors!
  3981 | D:8      | Reached * piety under Makhleb
  3998 | D:8      | Reached skill level 10 in Axes
  4026 | D:8      | Reached XP level 8. HP: 39/68 MP: 6/6
  4184 | D:7      | Reached skill level 11 in Axes
  4396 | D:7      | Reached skill level 12 in Axes
  4427 | D:6      | Noticed a giant frog
  4435 | D:6      | Killed a giant frog
  4453 | D:6      | Found an iron altar of Okawaru.
  4538 | D:6      | Noticed Sigmund
  4559 | D:6      | Killed Sigmund
  4701 | D:6      | Gained mutation: You passively map the area around you. [Deep Dwarf growth]
  4701 | D:6      | Reached XP level 9. HP: 42/74 MP: 6/6
  4903 | D:6      | Reached ** piety under Makhleb
  5175 | D:7      | Reached skill level 13 in Axes
  5318 | D:7      | Gained mutation: You are covered in fur (AC +1). [mutagenic meat]
  5319 | D:7      | Gained mutation: Your spells are a little harder to cast, but a little more powerful. [mutagenic meat]
  5320 | D:7      | Gained mutation: You can spit weak poison. [mutagenic meat]
  5321 | D:7      | Gained mutation: Your skin changes colour to match your surroundings (Stealth). [mutagenic meat]
  5322 | D:7      | Gained mutation: You are somewhat resistant to further mutation. [mutagenic meat]
  5716 | D:8      | Reached skill level 14 in Axes
  5833 | D:8      | Reached *** piety under Makhleb
  5953 | D:8      | Gained mutation: You have a pair of small horns on your head. [mutagenic meat]
  6079 | D:8      | Got a jewelled hand axe
  6080 | D:8      | Identified the +5 hand axe of Immorality {freeze, rF+} (You found it on level 8 of the Dungeon)
  6101 | D:8      | Noticed Psyche
  6112 | D:8      | Killed Psyche
  6112 | D:8      | Reached skill level 1 in Invocations
  6276 | D:9      | Noticed Joseph
  6293 | D:9      | Killed Joseph
  6293 | D:9      | Reached XP level 10. HP: 78/85 MP: 7/7
  6300 | D:9      | Gained mutation: You are frail (-10% HP). [potion of mutation]
  6300 | D:9      | Gained mutation: You are partially covered in iridescent scales (AC +4). [potion of mutation]
  6303 | D:9      | Lost mutation: You can spit weak poison. [potion of mutation]
  6700 | D:9      | Found a staircase to the Lair.
  6720 | D:9      | HP: 1/76 [yak (11)]
  6743 | D:9      | Reached skill level 15 in Axes
  6768 | D:9      | Reached **** piety under Makhleb
  6924 | D:9      | Reached skill level 1 in Dodging
  7052 | Lair:1   | Entered Level 1 of the Lair of Beasts
  7314 | D:10     | Entered Level 10 of the Dungeon
  7427 | D:10     | Reached skill level 16 in Axes
  7427 | D:10     | Reached XP level 11. HP: 59/82 MP: 8/8
  7497 | D:10     | Found Romeseos's Distillery.
  7525 | D:10     | Bought a potion of mutation for 30 gold pieces
  7578 | D:10     | Reached ***** piety under Makhleb
  7670 | D:10     | Killed an unseen horror
  7670 | D:10     | Reached skill level 5 in Armour
  7962 | D:10     | Noticed Turgon's ghost (novice OpGl)
  7980 | D:10     | Killed Turgon's ghost
  8009 | D:10     | Found Gyudahaf's General Store.
  8033 | D:10     | Reached skill level 5 in Fighting
  8067 | D:10     | Bought a potion of lignification for 30 gold pieces
  8477 | D:10     | Reached skill level 5 in Dodging
  8694 | D:11     | Killed an unseen horror
  9107 | D:11     | Noticed a four-headed hydra
  9119 | D:11     | Killed a six-headed hydra
  9264 | D:12     | Reached XP level 12. HP: 97/99 MP: 8/8
  9365 | D:12     | Killed an unseen horror
  9459 | D:12     | Found a glowing silver altar of Zin.
  9488 | D:12     | Noticed a hill giant
  9499 | D:12     | Killed a hill giant
  9611 | D:12     | Reached ****** piety under Makhleb
  9725 | D:12     | Noticed a hill giant
  9734 | D:12     | Killed a hill giant
  9766 | D:12     | Slain by a titanic slime creature

Action                   |  1- 3 |  4- 6 |  7- 9 | 10-12 || total
-------------------------+-------+-------+-------+-------++-------
Melee: War axe           |    96 |   157 |   424 |       ||   677
       Hand axe          |       |       |    19 |    19 ||    38
       Battleaxe         |       |       |       |   497 ||   497
 Fire: Hunting sling     |       |    47 |       |    18 ||    65
       Blowgun           |       |     1 |    20 |     2 ||    23
Throw: Stone             |   101 |    43 |    24 |       ||   168
       Tomahawk          |       |     3 |       |       ||     3
       Javelin           |       |    13 |    71 |       ||    84
Invok: Lesser Servant of |       |       |       |     8 ||     8
 Abil: Device Recharging |       |     1 |     3 |     2 ||     6
       Spit Poison       |       |       |    14 |       ||    14
Evoke: Wand              |       |     7 |    11 |    11 ||    29
  Use: Scroll            |       |       |    10 |     9 ||    19
       Potion            |       |       |       |     5 ||     5
 Stab: Sleeping          |       |       |       |     1 ||     1
  Eat: Chunk             |     1 |     5 |    18 |    15 ||    39
       Bread ration      |       |       |     3 |       ||     3
